 Dungeon Crawl Stone Soup version 0.28.0-49-g6dfe1f597d (webtiles) character file.

Game seed: 12924987654118972410

193 Exodus22XD the Covered (level 5, 47/47 HPs)
             Began as a Minotaur Fighter on May 20, 2022.
             Was a Follower of Makhleb.
             Quit the game on level 3 of the Dungeon.
             The game lasted 00:02:18 (2378 turns).

Exodus22XD the Covered (Minotaur Fighter)           Turns: 2378, Time: 00:02:19

Health: 47/47      AC: 11    Str: 22    XL:     5   Next: 43%
Magic:  4/4        EV:  7    Int:  5    God:    Makhleb [*.....]
Gold:   105        SH:  4    Dex: 10    Spells: 4/4 levels left

rFire   . . .      SeeInvis .   a - +0 war axe
rCold   . . .      Faith    .   c - +0 buckler
rNeg    . . .      Spirit   .   l - +0 chain mail
rPois   .          Reflect  .   (helmet restricted)
rElec   .          Harm     .   (no cloak)
rCorr   .          Rampage  .   f - +0 pair of gloves
Will    .....                   (no boots)
Stlth   ..........              (no amulet)
HPRegen 0.15/turn               (no ring)
MPRegen 0.09/turn               (no ring)

@: no status effects
A: horns 2, retaliatory headbutt
a: Renounce Religion


You were on level 3 of the Dungeon.
You worshipped Makhleb.
Makhleb was aware of your devotion.
You visited 1 branch of the dungeon, and saw 3 of its levels.

You collected 105 gold pieces.

Inventory:

Hand Weapons
 a - a +0 war axe (weapon)
Armour
 c - a +0 buckler (worn)
 f - a +0 pair of gloves (worn)
 l - a +0 chain mail (worn)
Jewellery
 b - a +4 ring of slaying
 s - a +6 ring of intelligence
Scrolls
 k - 2 scrolls of vulnerability {unknown}
 m - a scroll of immolation {unknown}
 n - a scroll of brand weapon {unknown}
 p - a scroll of noise {unknown}
 q - a scroll of teleportation {unknown}
 r - a scroll of identify {unknown}
 t - a scroll of enchant weapon {unknown}
Potions
 d - a potion of might
 e - 2 potions of haste {unknown}
 g - a potion of attraction {unknown}
 h - 2 potions of heal wounds {unknown}
 i - 3 potions of curing {unknown}
 j - a potion of berserk rage {unknown}
 o - 2 potions of degeneration {unknown}


   Skills:
 + Level 4.4 Fighting
 + Level 4.5 Axes
 + Level 5.2 Armour
 + Level 1.0 Dodging
 + Level 4.2 Shields


You had 4 spell levels left.
You didn't know any spells.
Your spell library was empty.

Dungeon Overview and Level Annotations

Branches:
Dungeon (3/15)

Altars:
Makhleb


Innate Abilities, Weirdness & Mutations

You have a pair of horns on your head.
You reflexively headbutt those who attack you in melee.


Message History

You block the adder's attack.
You barely miss the adder. The adder bites you.
You are poisoned.
The adder poisons you! The adder bites you.
You slash the adder! You headbutt the adder.
You kill the adder!
You feel sick.
Your Dodging skill increases to level 1!
No target in view!
Unknown command.
Unknown command.
No target in view!
No target in view!
No target in view!
Unknown command.
Unknown command.
Unknown command.
No target in view!
No target in view!
No target in view!
No target in view!
No target in view!
Search for what [Enter for "go", or ? for help]? god You feel sick.
You feel sick.
You feel sick.
You are no longer poisoned.
Things that are here:
a +1 whip of distortion; a kobold skeleton
There is a faded altar of an unknown god here.
There are no items here.
Unknown command.
Press < or > to pray at altars.
There are no items here.
Okay, then.
You cannot tell which god this altar belongs to.
Convert to them anyway?
Makhleb accepts your prayer! Makhleb welcomes you!
You can now gain health from killing.
Are you sure you want to abandon this character and quit the game? (Confirm with "yes".)

#.......#...#.###.
#.......#.###.....
#.................
#.................
####......###########
#.........#
#.##.##..##
#.#...#..#
##...@....#
#..#...#..#
#..##.##..#
#.........#
#.........#
###########


There were no monsters in sight!

Vanquished Creatures
  An orc priest (D:3)
  An orc wizard (D:3)
  4 gnolls (D:3)
  2 adders
  A dart slug (D:3)
  4 orcs (D:3)
  5 endoplasms
  5 giant cockroaches
  9 goblins
  4 hobgoblins
  2 jackals (D:1)
  11 kobolds
  5 quokkas
  8 ball pythons
  3 bats
  8 rats
73 creatures vanquished.

Notes
Turn   | Place    | Note
-------+----------+-------------------------------------------
     0 | D:1      | Exodus22XD the Minotaur Fighter began the quest for the
                  | Orb.
     0 | D:1      | Reached XP level 1. HP: 19/19 MP: 0/0
   161 | D:1      | Reached XP level 2. HP: 25/27 MP: 1/1
   519 | D:1      | Reached skill level 4 in Armour
   662 | D:2      | Reached XP level 3. HP: 33/33 MP: 2/2
  1567 | D:3      | Reached XP level 4. HP: 36/40 MP: 3/3
  2041 | D:3      | Reached XP level 5. HP: 43/47 MP: 4/4
  2043 | D:3      | Reached skill level 5 in Armour
  2262 | D:3      | Found a faded altar of an unknown god.
  2330 | D:3      | Reached skill level 1 in Dodging
  2377 | D:3      | Prayed at the altar of an unknown god.
  2377 | D:3      | Became a worshipper of Makhleb the Destroyer
  2377 | D:3      | Reached * piety under Makhleb
  2378 | D:3      | Quit the game

Illustrated notes

Levels and vault maps discovered:
D:1:      dpeg_arrival_pits, layout_basic
D:2:      layout_loops_corners, minmay_randomly_rotated_circles
D:3:      layout_basic, fedhas_altar_3, ebering_ecumenical_altar_box,
          grunt_ministairs_4, palyth_stone_intersect

Skill      XL: |  1  2  3  4  5 |
---------------+----------------+-----
Armour         | 4 5 |  5.2
Fighting       | 4 |  4.4
Shields        | 4 |  4.2
Axes           | 3 4 |  4.5
Dodging        | 1 |  1.0

Action                   |  1- 3 |  4- 6 || total
-------------------------+-------+-------++-------
Melee: War axe           |   106 |    63 ||   169
       Headbutt          |    11 |     8 ||    19
Armor: Scale mail        |    20 |       ||    20
       Chain mail        |    28 |    53 ||    81
Dodge: Dodged            |    50 |    23 ||    73
Block: Buckler           |    37 |     9 ||    46
